 Dungeon Crawl Stone Soup version 0.22.1-1-ga44c0e56f4 (webtiles) character file.

300 Morbidden the Chopper (level 6, 44/47 HPs)
             Began as a Demonspawn Fighter on Oct 25, 2018.
             Was a Follower of Okawaru.
             Quit the game on level 3 of the Dungeon.
             The game lasted 00:04:10 (1895 turns).

Morbidden the Chopper (Demonspawn Fighter)          Turns: 1895, Time: 00:04:11

Health: 44/47      AC:  9    Str: 18    XL:     6   Next: 13%
Magic:  7/7        EV:  7    Int: 10    God:    Okawaru [*.....]
Gold:   171        SH:  8    Dex: 12    Spells: 5/5 levels left

rFire    . . .     SeeInvis .   a - +1 war axe
rCold    . . .     Gourm    .   c - +0 shield
rNeg     . . .     Faith    .   b - +0 scale mail
rPois    .         Spirit   .   (helmet restricted)
rElec    .         Reflect  .   (no cloak)
rCorr    .         Harm     .   h - +2 pair of gloves
MR       .....                  (no boots)
Stlth    ..........             (no amulet)
HPRegen  0.15/turn              (no ring)
MPRegen  0.10/turn              (no ring)

@: mildly poisoned (44 -> 43)
A: antennae 1, hooves 2, spiny 2
a: Heroism, Renounce Religion


You were on level 3 of the Dungeon.
You worshipped Okawaru.
Okawaru was aware of your devotion.
You were hungry.

You visited 1 branch of the dungeon, and saw 3 of its levels.

You collected 171 gold pieces.

Inventory:

Hand Weapons
 a - a +1 war axe (weapon)
Missiles
 j - a throwing net (quivered)
 l - 21 bolts
 t - 6 javelins
Armour
 b - a +0 scale mail (worn)
 c - a +0 shield (worn)
 h - a +2 pair of gloves (worn)
Jewellery
 m - an uncursed ring of positive energy {unknown}
 n - an uncursed ring of protection from cold {unknown}
Scrolls
 k - a scroll of enchant weapon
 o - a scroll of remove curse {unknown}
 p - a scroll of identify {unknown}
 q - a scroll of enchant armour {unknown}
Potions
 d - a potion of might
 e - a potion of brilliance {unknown}
 g - a potion of mutation {unknown}
 i - a potion of curing {unknown}
 r - a potion of haste {unknown}
Comestibles
 f - 2 rations
 s - a chunk of flesh


   Skills:
 - Level 3.0 Fighting
 * Level 5.8 Axes
 - Level 2.6 Armour
 - Level 2.6 Shields
 * Level 1.6 Invocations


You had 5 spell levels left.
You didn't know any spells.
Your spell library was empty.

Dungeon Overview and Level Annotations

Branches:
Dungeon (3/15)

Altars:
Okawaru
Wu Jian


Innate Abilities, Weirdness & Mutations

You have a pair of small antennae on your head.
You have hoof-like feet.
You are mostly covered in sharp spines.


Message History

You are poisoned.
The adder poisons you! The adder is struck by your spines.
The adder bites you but does no damage.
You hit the adder.
The adder is almost dead.
You feel sick. The adder is struck by your spines.
You kill the adder!
Okawaru accepts your kill.
No target in view!
No target in view!
No target in view!
No target in view!
Quiver which item? (- for none, * to show all) (? for menu, Esc to quit)
Okay, then.
Okay, then.
Quiver which item? (- for none, * to show all) (? for menu, Esc to quit)
Okay, then.
Are you sure you want to abandon this character and quit the game? (Confirm
Okay, then.
Are you sure you want to abandon this character and quit the game? (Confirm

#.# # #####(# # ...#)†#
# ....)## # ....## #
<....#########
...#.........####
...#########....####.##
>..# ####.@†....# ####
#########


There were no monsters in sight!

Vanquished Creatures
  2 orc wizards (D:3)
  7 gnolls
  8 adders
  2 oozes
  A worm (D:2)
  4 dart slugs
  3 leopard geckos
  8 orcs (D:3)
  3 giant cockroaches
  9 goblins
  8 hobgoblins
  3 jackals (D:1)
  8 kobolds
  2 quokkas (D:3)
  A ball python (D:1)
  5 bats
  5 frilled lizards
  8 rats
87 creatures vanquished.

Notes
Turn   | Place    | Note
-------+----------+-------------------------------------------
     0 | D:1      | Morbidden the Demonspawn Fighter began the quest for the
                  | Orb.
     0 | D:1      | Reached XP level 1. HP: 18/18 MP: 1/1
    78 | D:1      | Reached skill level 2 in Axes
   113 | D:1      | Gained mutation: You have large cloven feet. [demonic
                  | ancestry]
   113 | D:1      | Reached XP level 2. HP: 8/24 MP: 2/2
   414 | D:1      | Reached skill level 3 in Axes
   515 | D:1      | Gained mutation: You are partially covered in sharp spines.
                  | [demonic ancestry]
   515 | D:1      | Reached XP level 3. HP: 28/29 MP: 3/3
   884 | D:2      | Found an ornate altar of the Wu Jian Council.
  1006 | D:2      | Gained mutation: You have hoof-like feet. [demonic
                  | ancestry]
  1006 | D:2      | Reached XP level 4. HP: 35/35 MP: 4/4
  1019 | D:2      | Reached skill level 4 in Axes
  1229 | D:2      | Found an iron altar of Okawaru.
  1248 | D:2      | Became a worshipper of Warmaster Okawaru
  1458 | D:3      | Gained mutation: You are mostly covered in sharp spines.
                  | [demonic ancestry]
  1458 | D:3      | Reached XP level 5. HP: 41/41 MP: 5/5
  1656 | D:3      | Reached skill level 5 in Axes
  1658 | D:3      | Reached skill level 1 in Invocations
  1837 | D:3      | Gained mutation: You have a pair of small antennae on your
                  | head. [demonic ancestry]
  1837 | D:3      | Reached XP level 6. HP: 47/47 MP: 7/7
  1851 | D:3      | Reached * piety under Okawaru
  1895 | D:3      | Quit the game

Skill      XL: |  1  2  3  4  5 |
---------------+----------------+-----
Axes           | 2 3 4 5 |  5.8
Invocations    | 1 |  1.6
Fighting       | |  3.0
Armour         | |  2.6
Shields        | |  2.6

Action                   |  1- 3 |  4- 6 || total
-------------------------+-------+-------++-------
Melee: War axe           |   101 |    73 ||   174
       Kick              |    13 |    21 ||    34
  Use: Scroll            |       |     2 ||     2
  Eat: Chunk             |       |     3 ||     3
Armor: Scale mail        |    63 |    38 ||   101
Dodge: Dodged            |    41 |    18 ||    59
Block: Shield            |    56 |    43 ||    99
